 Dungeon Crawl Stone Soup version 0.31-a0-564-g3b7de120b3 (webtiles) character file.

Game seed: 7259375381492234732

210 Age the Trooper (level 5, -1/52 HPs)
             Began as a Minotaur Fighter on Aug 18, 2023.
             Was a Priest of Cheibriados.
             Slain by an ogre
             ... wielding a +0 giant spiked club
              (9 damage)
             ... on level 4 of the Dungeon.
             The game lasted 00:05:21 (2408 turns).

Age the Trooper (Minotaur Fighter)                  Turns: 2408, Time: 00:05:21

Health: -1/52      AC:  7    Str: 30    XL:     5   Next: 56%
Magic:  4/4        EV: 10    Int: 12    God:    Cheibriados [***...]
Gold:   132        SH:  5    Dex: 16    Spells: 4/4 levels left

rFire   . . .        a - +0 war axe
rCold   . . .        c - +0 buckler
rNeg    . . .        b - +0 scale mail
rPois   .            (helmet restricted)
rElec   .            (no cloak)
rCorr   .            (no gloves)
SInv    .            (no boots)
Will    .....        (no amulet) Stlth
                     (no ring)
HPRegen 0.28/turn    (no ring)
MPRegen 0.09/turn

%: no passive effects
@: very slow
A: horns 2, retaliatory headbutt
a: Renounce Religion, Bend Time, Temporal Distortion


You were on level 4 of the Dungeon.
You worshipped Cheibriados.
Cheibriados was most pleased with you.
You visited 1 branch of the dungeon, and saw 4 of its levels.

You collected 132 gold pieces.

Inventory:

Hand Weapons
 a - a +0 war axe (weapon)
Missiles
 g - a throwing net
Armour
 b - a +0 scale mail (worn)
 c - a +0 buckler (worn)
Scrolls
 e - 2 scrolls of vulnerability {unknown}
 f - a scroll of fear {unknown}
 h - a scroll of blinking {unknown}
 k - 2 scrolls of immolation {unknown}
 l - a scroll of noise {unknown}
 n - 2 scrolls of identify {unknown}
 q - 2 scrolls of teleportation {unknown}
Potions
 d - a potion of might
 i - a potion of berserk rage {unknown}
 j - a potion of attraction {unknown}
 m - 2 potions of heal wounds {unknown}
 o - a potion of brilliance {unknown}
 p - 2 potions of mutation {unknown}


   Skills:
 + Level 7.4 Fighting
 - Level 2.4 Axes
 - Level 3.9 Armour
 - Level 3.7 Shields


You had 4 spell levels left.
You didn't know any spells.
Your spell library was empty.

Dungeon Overview and Level Annotations

Branches:
Dungeon (4/15)
 Temple: D:4-7

Altars:
Cheibriados

Shops:
D:1 :


Innate Abilities, Weirdness & Mutations

You have a pair of horns on your head.
You reflexively headbutt those who attack you in melee.


Message History

You are held in a net!
You are held in a net!
You struggle against the net.
You tear a large gash into the net.
The gnoll hits you with a +0 club.
You rip the net and break free!
The gnoll hits you but does no damage. The gnoll barely misses you.
You hit the gnoll. You headbutt the gnoll!
You kill the gnoll!
Cheibriados appreciates the change of pace.
You block the gnoll's attack. The gnoll misses you. You furiously retaliate!
You headbutt the gnoll!
An ogre comes into view. It is wielding a +0 giant spiked club.
You block the gnoll's attack.
The ogre moves out of view.
Things that are here:
a +0 club; a +0 club; a gnoll corpse You barely miss the gnoll.
The gnoll is almost dead.
The gnoll hits you but does no damage.
The ogre shouts!
You slash the gnoll!
You kill the gnoll!
Cheibriados appreciates the change of pace.
You hit the ogre.
The ogre is lightly wounded.
The ogre hits you with a +0 giant spiked club!
You closely miss the ogre. Your headbutt misses the ogre.
The ogre is lightly wounded.
The ogre hits you with a +0 giant spiked club.
You hit the ogre.
The ogre is moderately wounded.
The ogre hits you with a +0 giant spiked club!!
Ouch! That really hurt!
* * * LOW HITPOINT WARNING * * *
You hit the ogre.
The ogre is moderately wounded.
The ogre barely misses you.
You slash the ogre!
The ogre is almost dead.
The ogre hits you with a +0 giant spiked club!
You die...

#.>>..#....
#####.##### #.#
#############.#
#..(..........#
#.#############
#.# #.###.#
#.@O..# #.#####
#.# ###


You could see an ogre.

Vanquished Creatures
  A sky beast (D:3)
  3 gnolls (D:4)
  An adder (D:2)
  A worm (D:2)
  A dart slug (D:3)
  6 orcs (D:3)
  3 ball pythons
  5 bats
  7 endoplasms
  4 giant cockroaches
  6 hobgoblins
  4 jackals (D:2)
  5 quokkas
  4 frilled lizards
  5 goblins
  5 kobolds
  A rat (D:2)
62 creatures vanquished.

Notes
Turn   | Place    | Note
-------+----------+-------------------------------------------
     0 | D:1      | Age the Minotaur Fighter began the quest for the Orb.
     0 | D:1      | Reached XP level 1. HP: 19/19 MP: 0/0
   120 | D:1      | Reached skill level 4 in Fighting
   120 | D:1      | Reached XP level 2. HP: 17/27 MP: 1/1
   184 | D:1      | Found a faded altar of an unknown god.
   193 | D:1      | Prayed at the altar of an unknown god.
   193 | D:1      | Became a worshipper of Cheibriados the Contemplative
   193 | D:1      | Reached * piety under Cheibriados
   257 | D:1      | Found Duoniox's Book Emporium.
   567 | D:2      | Reached XP level 3. HP: 35/35 MP: 2/2
   576 | D:2      | Reached ** piety under Cheibriados
   865 | D:2      | Reached skill level 5 in Fighting
  1486 | D:3      | Reached XP level 4. HP: 44/44 MP: 3/3
  1486 | D:3      | Noticed a sky beast
  1492 | D:3      | Killed a sky beast
  1493 | D:3      | Reached skill level 7 in Fighting
  1493 | D:3      | Reached XP level 5. HP: 43/52 MP: 4/4
  1681 | D:3      | Reached *** piety under Cheibriados
  2401 | D:4      | Noticed an ogre
  2408 | D:4      | Slain by an ogre

Illustrated notes

Levels and vault maps discovered:
D:1:      psy_arrival_statuary, layout_basic, serial_shops, shop,
          dreamdust_ecumenical_altar_statues
D:2:      wander_river, layout_loops_corners, minmay_misc_feat_pillars
D:3:      layout_basic
D:4:      kennysheep_big_flooded_room, layout_basic

Skill      XL: |  1  2  3  4 |
---------------+-------------+-----
Fighting       | 4 5 7 |  7.4
Axes           | |  2.4
Armour         | |  3.9
Shields        | |  3.7

Action                     |  1- 3 |  4- 6 || total
---------------------------+-------+-------++-------
  Melee: War axe           |    86 |    32 ||   118
         Headbutt          |     7 |     2 ||     9
 Armour: Scale mail        |    53 |     8 ||    61
  Dodge: Dodged            |    31 |    14 ||    45
  Block: Buckler           |    22 |    11 ||    33

Table legend: (Time is in decaauts)
 A = Elapsed time spent in this place.
 B = Non-inter-level travel time spent in this place.
 C = Inter-level travel time spent in this place.
 D = Time resting spent in this place.
 E = Time spent auto-exploring this place.
 F = Levels seen in this place.
 G = Mean time per level.
                   A        B        C        D        E       F      G
               +--------+--------+--------+--------+--------+-----+--------+
         Total |   3479 |   3183 |    296 |      0 |   2797 |   4 |  869.8 |
       Dungeon |   3479 |   3183 |    296 |      0 |   2797 |   4 |  869.8 |
               +--------+--------+--------+--------+--------+-----+--------+

Top non-repeatable levels by time:
     D:2: 1377 daAuts
     D:3: 1132 daAuts
     D:1: 621 daAuts
     D:4: 348 daAuts
